Cogmind - Beta 10.2 @@@ ROGUE MODE // 2021.02.07 @ 13:09:41 Player: David Result: Destroyed by Y-54 Guardian with Gatling Laser Performance ------------- Evolutions (3) 1500 Regions Visited (4) 800 Robots Destroyed (34) 170 Value Destroyed (1020) 1020 Prototype IDs (4) 80 Alien Tech Used (0) 0 Bonus (0) 0 TOTAL SCORE: 3570 Bonus ------- None Cogmind --------- Core Integrity 0/700 Matter 284/300 Energy 75/100 System Corruption 8% Temperature Cool (6) Movement Core (50) Location -7/Factory Parts ------- > --- POWER (1) -------- (None) > --- PROPULSION (3) --- Armored Huge Wheel > --- UTILITY (7) ------ Enhanced Optical Array Improved Targeting Computer Maneuvering Thrusters System Shield > --- WEAPON (2) ------- (None) > --- INVENTORY (4) ---- Relay Coupler [Swarmer] (31) Relay Coupler [Sentry] (18) Relay Coupler [Behemoth] (9) System Backup Module Peak State ------------ > --- POWER ------------ Light Nuclear Core > --- PROPULSION ------- Improved Aluminum Leg Carbon-fiber Leg Cesium-ion Thruster > --- UTILITY ---------- Improved Cooling System Small Storage Unit Enhanced Optical Array Weapon Cycler Core Shielding Medium Reactive Plating Hacking Suite > --- WEAPON ----------- Heavy Laser Heavy Ion Cannon > --- INVENTORY -------- Medium Treads Medium Treads Improved Heat Sink Advanced Signal Interpreter System Backup Module Heavy Ion Cannon [Rating: 42] Favorites ----------- Power Ion Engine Engine Ion Engine Power Core Light Nuclear Core Propulsion Improved Aluminum Leg Leg Improved Aluminum Leg Wheel Wheel Hover Unit Airjet Flight Unit Cesium-ion Thruster Utility Small Storage Unit Device Improved Cooling System Storage Small Storage Unit Processor Visual Processing Unit Hackware Hacking Suite Protection Core Shielding Weapon Assault Rifle Energy Gun Heavy Laser Energy Cannon Particle Cannon Ballistic Gun Assault Rifle Launcher Rocket Launcher Slashing Weapon Axe Build | -11 -10 -9 -8 -7 ------- Run | Scr Mat Mat Mat Fac Slots Evolved 6 | . . 2 2 2 Power . | . . . . . Propulsion 1 | . . . 1 . Utility 5 | . . 2 1 2 Weapon . | . . . . . Parts Attached 62 | 5 5 18 5 29 Power 5 | 1 . 1 . 3 Engine 2 | 1 . 1 . . Core 3 | . . . . 3 Reactor . | . . . . . Propulsion 14 | 2 2 5 2 3 Treads . | . . . . . Leg 5 | . . 3 . 2 Wheel 7 | 2 2 2 . 1 Hover 1 | . . . 1 . Flight 1 | . . . 1 . Utility 22 | . 1 6 1 14 Device 3 | . . . . 3 Storage 4 | . 1 1 1 1 Processor 4 | . . 1 . 3 Hackware 3 | . . 1 . 2 Protection 8 | . . 3 . 5 Artifact . | . . . . . Weapon 21 | 2 2 6 2 9 Energy Gun 9 | 1 . 2 1 5 Energy Cannon 3 | . . 1 . 2 Ballistic Gun 6 | 1 2 2 . 1 Ballistic Cannon . | . . . . . Launcher 2 | . . 1 1 . Special Weapon . | . . . . . Impact Weapon . | . . . . . Slashing Weapon 1 | . . . . 1 Piercing Weapon . | . . . . . Special Melee Weapon . | . . . . . Unidentified Prototypes 4 | . . 2 . 2 Parts Lost 23 | . . 5 4 14 Power 2 | . . 1 . 1 Propulsion 4 | . . . 1 3 Utility 7 | . . 2 . 5 Weapon 10 | . . 2 3 5 Highest Loss Streak 8 | . . 3 2 8 Average Slot Usage (%) 69 | . 74 73 40 69 Engine 5 | . 14 10 3 . Core 1 | . . . . 4 Leg 8 | . . 9 6 10 Wheel 8 | . 27 12 . . Flight 2 | . . . . 5 Device 2 | . . . . 7 Storage 8 | . 4 11 7 7 Processor 5 | . . 4 9 8 Hackware 2 | . . 2 . 4 Protection 6 | . . 6 6 8 Energy Gun 1 | . 3 . 1 2 Energy Cannon 4 | . . 5 2 5 Ballistic Gun 7 | . 24 11 . . Naked Turns . | . . . . . Heaviest Build 45 | 8 13 25 25 45 Greatest Support 32 | 32 32 26 26 28 Greatest Overweight (x) 3 | . . 3 2 3 Average Overweight (x) . | . . . . . Largest Inventory Capacity 8 | 4 6 8 8 6 Average Capacity 6 | 4 4 7 6 5 Most Carried 6 | 4 4 5 4 6 Average Carried 3 | 1 3 3 3 4 Final Capacity 8 | 4 6 8 6 4 Final Carried 4 | 1 4 3 4 4 Class Distribution -------------------- 100% | Mutant Dominant Class ---------------- Mutant | -10/Materials Mutant | -9/Materials Mutant | -8/Materials Mutant | -7/Factory Resources | -11 -10 -9 -8 -7 ----------- Run | Scr Mat Mat Mat Fac Matter Collected 1183 | 204 10 511 85 373 Remotely . | . . . . . Salvage Created 1235 | . 10 573 148 504 Parts 64 | . 3 25 7 29 Haulers Intercepted 2 | . . 1 . 1 Recyclers Shooed 6 | . . 5 1 . Parts Field Recycled . | . . . . . Retrieved Matter . | . . . . . Parts Self-Destructed . | . . . . . Prevented . | . . . . . Kills | -11 -10 -9 -8 -7 ------- Run | Scr Mat Mat Mat Fac Combat Hostiles Destroyed 23 | . . 15 2 6 Melee 1 | . . . . 1 Guns 13 | . . 7 2 4 Cannons 4 | . . 3 . 1 AOE 5 | . . 5 . . Classes Destroyed 12 | . 1 6 1 4 Worker 1 | . . . . 1 Builder 1 | . . . . 1 Hauler 2 | . . 1 . 1 Recycler 2 | . . . 1 1 Operator 3 | . 1 2 . . Watcher 2 | . . . . 2 Swarmer 4 | . . 4 . . Grunt 12 | . . 8 1 3 Brawler 1 | . . 1 . . Duelist 2 | . . 1 . 1 Sentry 3 | . . 1 1 1 Programmer 1 | . . . . 1 Best Kill Streak 5 | . 1 5 2 3 Combat Bots Only 5 | . . 5 2 3 Max Kills in Single Turn 2 | . 1 2 1 2 Gunslinging . | . . . . . Exploded 2 | . . 2 . . Melee 1 | . . . . 1 Uniques/NPCs Destroyed . | . . . . . Combat | -11 -10 -9 -8 -7 -------- Run | Scr Mat Mat Mat Fac Damage Taken 3600 | . . 932 670 1998 Core 1176 | . . 221 245 710 Absorbed by Shields 20 | . . . . 20 Core Remaining (%) 74 | 100 100 44 55 . Volleys Fired 148 | . 5 79 16 48 Largest 2 | . 2 2 2 2 Hottest 134 | . 70 133 101 134 Shots Fired 235 | . 10 145 19 61 Gun 161 | . 10 116 11 24 Cannon 66 | . . 24 5 37 Launcher 8 | . . 5 3 . Special . | . . . . . Kinetic 127 | . 8 108 . 11 Thermal 97 | . 2 32 16 47 Explosive 8 | . . 5 3 . Electromagnetic 3 | . . . . 3 Robot Hit Streak 14 | . 4 7 11 14 Robot Miss Streak 5 | . 2 4 5 2 Penetration Max . | . . . . . Secondary Targets 1 | . . . . 1 Max Gunslinging Chain 1 | . . . . 1 Shots Hit Robots 152 | . 6 90 12 44 Core Hits 64 | . 2 33 7 22 Critical Hits 1 | . . 1 . . Critical Kills . | . . . . . Critical Parts Destroyed . | . . . . . Melee Attacks 5 | . . . . 5 Impact . | . . . . . Slashing 5 | . . . . 5 Piercing . | . . . . . Sneak Attacks 1 | . . . . 1 Combat Hostiles . | . . . . . Follow-up Attacks . | . . . . . Damage Inflicted 3448 | . 75 1696 381 1296 Guns 1550 | . 75 883 189 403 Cannons 1072 | . . 307 20 745 Explosions 678 | . . 506 172 . Melee 117 | . . . . 117 Ramming 31 | . . . . 31 Kinetic 995 | . 63 782 . 150 Thermal 1552 | . 12 408 209 923 Explosive 678 | . . 506 172 . Electromagnetic 75 | . . . . 75 Impact . | . . . . . Slashing 117 | . . . . 117 Piercing . | . . . . . Highest Corruption 8 | . . 2 . 8 Average Corruption 2 | . . 2 . 3 Corruption Purged . | . . . . . Effects 22 | . . 7 . 15 Message Errors 7 | . . 3 . 4 Matter Fused 1 | . . . . 1 Energy Discharges 4 | . . . . 4 Data Loss (minor) 3 | . . 1 . 2 Targeting Errors 6 | . . 3 . 3 Weapon Failures 1 | . . . . 1 Overload Shots . | . . . . . Overflow Damage 69 | . . 9 . 60 Projectiles 9 | . . 9 . . Explosions . | . . . . . Melee 60 | . . . . 60 Knockbacks . | . . . . . Impact . | . . . . . Kinetic . | . . . . . Secondary . | . . . . . Self-Inflicted Damage 44 | . . . 29 15 Shots 1 | . . . 1 . Rammed 8 | . . 1 1 6 Targets Rammed 8 | . . 1 1 6 Kicked . | . . . . . Crushed . | . . . . . Highest Temperature 342 | . 30 342 179 16 Average Temperature 88 | . 18 117 56 6 Received Heat Transfer 1311 | . . 288 333 690 Effects 1 | . . 1 . . Energy Bleed 1 | . . 1 . . Siege Activations . | . . . . . Robots Corrupted . | . . . . . Combat Hostiles . | . . . . . Parts Fried . | . . . . . Impact Corruptions . | . . . . . Robots Melted . | . . . . . Combat Hostiles . | . . . . . Parts Melted 4 | . . . 1 3 Heat Transferred 2664 | . 37 814 444 1369 Parts Sabotaged . | . . . . . Parts Stolen . | . . . . . Parts Stripped . | . . . . . Power Chain Reactions . | . . . . . Missiles Intercepted . | . . . . . Alert | -11 -10 -9 -8 -7 ------- Run | Scr Mat Mat Mat Fac Peak Influence 350 | . 40 350 198 170 Initial 90 | . . 16 90 89 Average 87 | . 13 130 130 67 Maximum Alert Level 1 | . . 1 . . Low Security (%) 93 | 100 100 82 100 100 Level 1 6 | . . 17 . . Level 2 . | . . . . . Level 3 . | . . . . . Level 4 . | . . . . . Level 5 . | . . . . . High Security . | . . . . . Max Security . | . . . . . Squads Dispatched 10 | . . 4 2 4 Investigation 2 | . . 1 1 . Extermination 1 | . . . . 1 Reinforcement 4 | . . 3 1 . Assault . | . . . . . Garrison 3 | . . . . 3 Intercept . | . . . . . Construction Impeded 1 | . . 1 . . Haulers Reinforced . | . . . . . Stealth | -11 -10 -9 -8 -7 --------- Run | Scr Mat Mat Mat Fac Distress Signals 4 | . . 4 . . Communications Jammed . | . . . . . Distress Signals . | . . . . . Times Spotted 62 | . 2 29 13 18 Peak Tracking Total 9 | . 1 7 9 7 Tactical Retreats 6 | . . 3 1 2 Traps | -11 -10 -9 -8 -7 ------- Run | Scr Mat Mat Mat Fac Traps Triggered 4 | . . 1 . 3 Indirectly . | . . . . . Trap Hack Attempts . | . . . . . Triggered . | . . . . . Disarmed . | . . . . . Reprogrammed . | . . . . . Reused . | . . . . . Traps Extracted . | . . . . . Installed . | . . . . . Triggered . | . . . . . Machines | -11 -10 -9 -8 -7 ---------- Run | Scr Mat Mat Mat Fac Machines Disabled 4 | . . 4 . . Max in Single Turn 2 | . . 2 . . Machines Sabotaged . | . . . . . Garrisons Compromised . | . . . . . Overloaded Fab Kills . | . . . . . Fab Network Shutdowns . | . . . . . Hacking | -11 -10 -9 -8 -7 --------- Run | Scr Mat Mat Mat Fac Machines Accessed 8 | . 2 2 1 3 Terminals 4 | . 1 1 . 2 Fabricators 1 | . . . . 1 Repair Stations . | . . . . . Recycling Units 1 | . 1 . . . Scanalyzers 1 | . . 1 . . Garrison Access 1 | . . . 1 . Total Hacks 14 | . 2 4 2 6 Successful 6 | . 1 2 . 3 Failed 8 | . 1 2 2 3 Catastrophic 2 | . . 1 . 1 Database Lockouts . | . . . . . Manual . | . . . . . Terminals 6 | . 1 2 . 3 Fabricators 3 | . . . . 3 Repair Stations . | . . . . . Recycling Units 1 | . 1 . . . Scanalyzers 2 | . . 2 . . Garrison Access 2 | . . . 2 . Terminal Hacks 2 | . 1 . . 1 Branch Access Points 1 | . . . . 1 Zone Layout 1 | . 1 . . . Fabricator Hacks 2 | . . . . 2 Load Schematic 1 | . . . . 1 Build 1 | . . . . 1 Repair Station Hacks . | . . . . . Recycling Unit Hacks . | . . . . . Scanalyzer 2 | . . 2 . . Insert Component 1 | . . 1 . . Analyze 1 | . . 1 . . Garrison Access Hacks . | . . . . . Unauthorized Hacks . | . . . . . Terminals . | . . . . . Fabricators . | . . . . . Repair Stations . | . . . . . Recycling Units . | . . . . . Scanalyzers . | . . . . . Garrison Access . | . . . . . Data Cores Recovered 1 | . 1 . . . Used . | . . . . . Hacking Detections 8 | . 2 2 1 3 Full Trace Events 1 | . . . 1 . Feedback Events . | . . . . . Feedback Blocked . | . . . . . Robot Schematics Acquired . | . . . . . Robots Built . | . . . . . Matter . | . . . . . Time . | . . . . . Total Robot Build Rating . | . . . . . Part Schematics Acquired 1 | . . 1 . . Parts Built 1 | . . . . 1 Matter 146 | . . . . 146 Time 36 | . . . . 36 Total Part Build Rating 3 | . . . . 3 Parts Repaired . | . . . . . Time . | . . . . . Parts Recycled . | . . . . . Recycled Matter . | . . . . . Retrieved Matter . | . . . . . Retrieved Components . | . . . . . Parts Scanalyzed 1 | . . 1 . . Part Schematics Acquired 1 | . . 1 . . Parts Damaged . | . . . . . Bothacking | -11 -10 -9 -8 -7 ------------ Run | Scr Mat Mat Mat Fac Used RIF Installer . | . . . . . Robots Hacked . | . . . . . Non-combat . | . . . . . Combat . | . . . . . Robot Hacks Applied . | . . . . . Relay Couplers Released 3 | . . . . 3 Programmers 3 | . . . . 3 Robots Rewired . | . . . . . Allies Hacked . | . . . . . Hacks Repelled . | . . . . . Allies | -11 -10 -9 -8 -7 -------- Run | Scr Mat Mat Mat Fac Total Allies . | . . . . . Largest Group . | . . . . . Highest-Rated Group . | . . . . . Highest-Rated Ally . | . . . . . Total Orders . | . . . . . Ally Attacks . | . . . . . Total Damage . | . . . . . Kills . | . . . . . Allies Corrupted . | . . . . . Allies Melted . | . . . . . Intel | -11 -10 -9 -8 -7 ------- Run | Scr Mat Mat Mat Fac Robot Analysis Total . | . . . . . Derelict Logs Recovered . | . . . . . Drone Launches . | . . . . . Drone Recoveries . | . . . . . Exploration | -11 -10 -9 -8 -7 ------------- Run | Scr Mat Mat Mat Fac Turns Passed 2293 | 65 269 847 191 921 Spaces Moved 1764 | 56 289 527 179 713 Core 388 | 6 . 1 81 300 Treads . | . . . . . Legs 673 | . . 257 50 366 Wheels 608 | 50 289 269 . . Hover . | . . . . . Flight 95 | . . . 48 47 Fastest Speed 40 | 50 80 80 40 40 Average Speed 93 | 94 83 104 78 94 Slowest Speed 200 | 100 100 200 150 200 Overloaded Moves . | . . . . . Propulsion Burnouts . | . . . . . Robots Hopped . | . . . . . Cave-ins Triggered . | . . . . . Exploration Rate (%) 29 | 3 45 53 23 24 Regions Visited 4 Branch Regions . Pre-discovered Areas . | . . . . . Known Exits Taken . | . . . . . Unknown Exits Taken 4 | 1 1 1 1 . Scrap Searched . | . . . . . Spaces Dug . | . . . . . Terrain Destroyed 105 | . . 78 25 2 Melee . | . . . . . Projectile 3 | . . . 1 2 AOE 102 | . . 78 24 . Terrain Rammed . | . . . . . Walls Destroyed . | . . . . . Machines Disabled . | . . . . . Actions | -11 -10 -9 -8 -7 --------- Run | Scr Mat Mat Mat Fac Total 2169 | 68 309 685 211 896 Wait 72 | . . 26 . 46 Move 1760 | 55 288 526 178 713 Hop . | . . . . . Pick Up 56 | 7 7 21 3 18 Fast Attach 16 | . . . 3 13 Attach 44 | 5 5 16 2 16 Detach 9 | . 1 1 2 5 Swap 2 | . . 2 . . Drop 37 | 1 3 13 6 14 Fire 148 | . 5 79 16 48 Melee 5 | . . . . 5 Ram 8 | . . 1 1 6 Kick . | . . . . . Crush . | . . . . . Escape Stasis 12 | . . . . 12 Rewire . | . . . . . Trap . | . . . . . Miscellaneous . | . . . . . Route ------- -11/Scrapyard -10/Materials (discovered 2 exits: *Mat / [*Min]) -9/Materials -8/Materials -7/Factory (discovered 2 exits: *Low x2) History --------- Turn | Location | Event 12 | -11/Scrapyard | Discovered new exit (range 16) 66 | -11/Scrapyard | Entered Materials 173 | -10/Materials | Discovered new exit (range 16) 272 | -10/Materials | Discovered new exit (range 12) 312 | -10/Materials | Build established: Mutant 335 | -10/Materials | Entered another Materials area 335 | -9/Materials | Evolved 2 slots: Utility x2 803 | -9/Materials | Lost 3 parts (1p1u1w) 1098 | -9/Materials | Core integrity fell below 50% 1148 | -9/Materials | Discovered new exit (range 18) 1182 | -9/Materials | Entered another Materials area 1182 | -8/Materials | Evolved 2 slots: Propulsion x1, Utility x1 1371 | -8/Materials | Discovered new exit (range 4) 1373 | -8/Materials | Entered Factory 1373 | -7/Factory | Evolved 2 slots: Utility x2 1569 | -7/Factory | Fabricated Hacking Suite (x1) 1650 | -7/Factory | Garrison activated, responded to threat 2084 | -7/Factory | Lost 6 parts (2n2u2w) 2103 | -7/Factory | Core integrity fell below 50% 2122 | -7/Factory | Core integrity fell below 20% 2151 | -7/Factory | Lost 8 parts (1p1n3u3w) 2258 | -7/Factory | Identified exit to Lower Caves 2294 | -7/Factory | Destroyed by Y-54 Guardian with Gatling Laser Last Messages --------------- 02267_ Field strength at 68. 02268_ Field strength at 62. 02268_ Terminal disabled. 02269_ Field strength at 56. 02270_ Field strength at 50. 02271_ Field strength at 44. 02272_ Field strength at 30. 02273_ Field strength at 24. 02274_ K-01 Serf collects debris. 02274_ Field strength at 18. 02275_ Field strength at 8. 02276_ Field strength at 2. 02277_ Stasis field depleted. 02278_ K-01 Serf collects debris. 02284_ Connecting with Terminal... 02287_ Slammed into K-01 Serf. 02287_ Destabilizing: System interference. 02287_ Imp. Targeting Computer temporarily disabled. 02287_ Enh. Optical Array temporarily disabled. 02293_ System corrupted: Energy discharge (-25). Map ----- +----------------------------------------------------+ | ?????????????????????????????????????????????????? | | ?????????????????????????????????????????????????? | | ?????????????????????????????????????????????????? | | ?????????????????????????????????????????????????? | | ?????????????????????????????????????????????????? | | ?????????????????????????????????????????????????? | | ?????????????????????????????????????????????????? | | ?????????????????????????????????????????????????? | | ?????????????????????????????????????????????????? | | ?????????????????????????????????????????????????? | | ??????????????????????? ???????????????????????? | | ????????????????????? ???????????????????????? | | ?????????????????? Y ???????????????????????? | | ?????????????????# ???????????????????????? | | ?????????????????# ???????????????????????? | | ?????????????????# ???????????????????????? | | ?????????????????? ???????????????????????? | | ??????????????????# #??????????????????????? | | ??????????????????# #??????????????????????? | | ??????????????????# #??????????????????????? | | ??????????????????# #??????????????????????? | | ??????????????????+ #??????????????????????? | | ??????????????????# #??????????????????????? | | ??????????????????# k #??????????????????????? | | ??????????????????# #??????????????????????? | | ??????????????????+ @#??????????????????????? | | ??????????????????####### #??????????????????????? | | ????????????????????????# #??????????????????????? | | ????????????????????????# #??????????????????????? | | ????????????????????????# #??????????????????????? | | ????????????????????????# #??????????????????????? | | ????????????????????????# #??????????????????????? | | ????????????##??????????# #??????????????????????? | | ????????????# ######### #??????????????????????? | | ????????????# T #??????????????????????? | | ????????????# #??????????????????????? | | ????????????#### #??????????????????????? | | ?????????? k#??????????????????????? | | ?????????? ##### #??????????????????????? | | ?????????? ?????# #??????????????????????? | | ??????????? ??????# #??????????????????????? | | ??????????? ???????# #??????????????????????? | | ??????????? ??????### ###????????????? ??????? | | ???????????? ???????# ########## ?????? | | ????????????? ????????# "" ????? | | ??????????????????????# T ????? | | ??????????????????????# ????? | | ??????????????????????# ########## ????? | | ??????????????????????## ##????????????? ?????? | | ???????????????????????# ########??????????????? | +----------------------------------------------------+ Best States ------------- Heat Dissipation 61 Energy Generation 18 Energy Capacity 370 Matter Stores 300 Matter Capacity 300 Sight Range 22 Terrain Scan Density 10 Armor Coverage 225 Resistance: KI 30 Core Shielding 20 Weapon Cycling 15 Evasion (%) 62 Targeting Accuracy 8 Offensive Hacking 10 Defensive Hacking 10 Item Schematics ----------------- Hacking Suite | -9/Materials | Scanalyzed Robot Schematics ------------------ None Fabricated ------------ Hacking Suite | x1 | -7/Factory Alien Tech Used ----------------- None Achievements -------------- None Challenges ------------ None Game ------ Seed FortressCompactSink Manual? 0 Play Time 00:39:43 Cumulative 71.5 hours Start 2021.02.07 @ 12:24:06 End 2021.02.07 @ 13:09:41 Sessions 1 Manual Loads 0 Difficulty Rogue Special Mode None Game No. 90 Rogue 90 Adventurer 0 Explorer 0 Win Type - Total 0 Types 0/0/0/0/0/0/0/0/0 Lore% 43 Gallery% 50 Achievement% 29 Wizard Run 0 Options --------- ASCII 0 Keyboard 0 Movement Mouse Keybinds 0 Fullscreen 1 Font 18/Smallcaps Map View 76x50 Tactical HUD 1 Map Filters NONE Filters NONE Steam 1 RUN: 91a2de1d-e233-488e-b1a1-41197b2db3a8